 Dungeon Crawl Stone Soup version 0.28.0-43-g3370ac3207 (webtiles) character file.

Game seed: 4030074850711098038

1400 DearestLeader the Cleaver (level 8, -7/68 HPs)
             Began as a Minotaur Fighter on Mar 7, 2022.
             Mangled by a cyclops (24 damage)
             ... on level 6 of the Dungeon.
             The game lasted 00:09:36 (6144 turns).

DearestLeader the Cleaver (Minotaur Fighter)        Turns: 6144, Time: 00:09:37

Health: -7/68      AC: 17    Str: 23    XL:     8   Next: 41%
Magic:  7/7        EV:  8    Int:  5    God:
Gold:   246        SH:  4    Dex: 10    Spells: 7/7 levels left

rFire   + . .      SeeInvis .   p - +2 mace (protect)
rCold   + . .      Faith    .   c - +0 buckler
rNeg    . . .      Spirit   .   k - +0 chain mail
rPois   .          Reflect  .   (helmet restricted)
rElec   .          Harm     .   l - scarf {rC+ rF+}
rCorr   .          Rampage  .   (no gloves)
Will    .....                   (no boots)
Stlth   ..........              (no amulet)
HPRegen 0.21/turn               (no ring)
MPRegen 0.10/turn               (no ring)

@: under a protective aura
A: horns 2, retaliatory headbutt
a: no special abilities


You were on level 6 of the Dungeon.
You visited 2 branches of the dungeon, and saw 7 of its levels.

You collected 246 gold pieces.

Inventory:

Hand Weapons
 a - a +0 war axe
 o - a +0 hand axe of freezing
 p - a +2 mace of protection (weapon)
 t - a +0 hunting sling
Missiles
 y - 2 throwing nets (quivered)
Armour
 b - a +0 scale mail
 c - a +0 buckler (worn)
 k - a +0 chain mail (worn)
 l - a scarf of resistance (worn)
 q - a +1 cloak
Jewellery
 h - a ring of ice
Wands
 n - a wand of polymorph (6)
 x - a wand of iceblast (13)
Scrolls
 f - 2 scrolls of enchant armour
 i - a scroll of brand weapon
 m - a scroll of amnesia {unknown}
 r - a scroll of teleportation
 s - 2 scrolls of immolation
 u - a scroll of summoning {unknown}
 w - 3 scrolls of identify
 C - a scroll of vulnerability {unknown}
Potions
 d - a potion of might
 e - 3 potions of degeneration
 g - a potion of resistance {unknown}
 j - 2 potions of berserk rage
 v - a potion of heal wounds
 z - a potion of flight {unknown}
 A - a potion of brilliance {unknown}
 B - a potion of magic {unknown}


   Skills:
 - Level 5.0 Fighting
 * Level 10.1 Axes
 + Level 7.1 Armour
 - Level 2.0 Dodging
 - Level 4.0 Shields


You had 7 spell levels left.
You didn't know any spells.
Your spell library contained the following spells:

 Spells                   Type           Power      Damage    Failure   Level
 Animate Skeleton         Necr           0%         N/A       99%         1
 Apportation              Tloc           0%         N/A       99%         1
 Beastly Appendage        Tmut           0%         N/A       99%         1
 Summon Small Mammal      Summ           0%         N/A       99%         1
 Wereblood                Tmut           0%         N/A       100%        2
 Ignite Poison            Fire/Tmut/Pois 0%         N/A       100%        3
 Spider Form              Tmut/Pois      0%         N/A       100%        3
 Summon Mana Viper        Hex/Summ       0%         N/A       100%        5


Dungeon Overview and Level Annotations

Branches:
Dungeon (6/15)             Temple (1/1) D:5

Altars:
Cheibriados
Dithmenos
Elyvilon
Hepliaklqana
Kikubaaqudgha
Makhleb
Qazlal
Sif Muna
Trog
Uskayaw
Vehumet
Wu Jian
Xom
Yredelemnul
Zin
Beogh

Annotations:
D:4 3 runed translucent doors, Tinylith's ghost, amateur MfBe
D:6 Blork the orc; Sigmund


Innate Abilities, Weirdness & Mutations

You have a pair of horns on your head.
You reflexively headbutt those who attack you in melee.


Message History

The hornet zombie hits you.
You closely miss the hornet zombie. You headbutt the hornet zombie!
The hornet zombie is heavily damaged.
The hornet zombie hits you but does no damage.
The hornet zombie hits you!
You hit the hornet zombie. You headbutt the hornet zombie.
The hornet zombie is severely damaged.
The hornet zombie hits you but does no damage.
You barely miss the hornet zombie. Your headbutt misses the hornet zombie.
The hornet zombie is severely damaged.
The hornet zombie hits you but does no damage. x2
You barely miss the hornet zombie.
The hornet zombie is severely damaged.
The hornet zombie hits you but does no damage.
You hit the hornet zombie. Your headbutt misses the hornet zombie.
The hornet zombie is severely damaged.
The hornet zombie hits you but does no damage.
The hornet zombie hits you.
You sock the hornet zombie! You headbutt the hornet zombie.
The hornet zombie is almost destroyed.
You block the hornet zombie's attack.
The cyclops shouts!
You sock the hornet zombie!
You destroy the hornet zombie!
Your Axes skill increases to level 10!
Found a scroll labelled ASODGH OQAPI.
You completely miss the cyclops. You hit the cyclops.
The cyclops is lightly wounded.
The cyclops hits you but does no damage.
You hit the cyclops.
The cyclops is lightly wounded.
The cyclops hits you!!
You thump the cyclops!
The cyclops is moderately wounded.
The cyclops hits you!!
* * * LOW HITPOINT WARNING * * *
Okay, then.
It was a potion of heal wounds.
You feel much better. The cyclops hits you!!
You die...

.............#..##..........
>.###........<...............
..
$.............###......!... .
...........!..###..........
#.....#.....?...............
#.###.#.###....#.$...##.....
..#..........#..........
..?..#......##.......##. !###
#.###@..<.......# .$
#.....C..).)....#
.#.....#............# #.
##.#?### #.###........#
#.)$.Z .. #....[[[.....#
..#.. .#.....#......##.#
.###.#.###.#.### #.###.....#
.....#.....#... #. $.....#
.$............. .. ...#..#


You could see a cyclops.

Vanquished Creatures
  A wraith (D:4)
  Eustachio (D:4)
  A water moccasin (D:5)
  A hornet zombie (D:6)
  An ogre (D:6)
  3 scorpions
  A water moccasin skeleton (D:6)
  A water moccasin zombie (D:5)
  A hound (D:5)
  A jelly (D:5)
  Crazy Yiuf (D:2)
  An orc priest (D:6)
  3 iguanas
  Ijyb (D:4)
  2 orc wizards (D:6)
  The ghost of fly the Sneak, a weakling FoDe (D:5)
  Robin (D:1)
  A howler monkey skeleton (D:4)
  8 adders
  4 gnolls
  2 white imps
  An adder skeleton (D:4)
  5 worms
  2 dart slugs (D:1)
  6 orcs
  8 endoplasms
  3 giant cockroaches
  15 goblins
  9 hobgoblins
  8 quokkas
  4 ball pythons
  6 bats
  2 frilled lizards
  2 kobolds
  A quokka skeleton (D:4)
  10 rats
119 creatures vanquished.

Notes
Turn   | Place    | Note
-------+----------+-------------------------------------------
     0 | D:1      | DearestLeader the Minotaur Fighter began the quest for the
                  | Orb.
     0 | D:1      | Reached XP level 1. HP: 19/19 MP: 0/0
    63 | D:1      | Reached XP level 2. HP: 24/27 MP: 1/1
   352 | D:1      | Reached skill level 3 in Axes
   712 | D:1      | Reached XP level 3. HP: 33/33 MP: 2/2
   744 | D:2      | Found a faded altar of an unknown god.
   755 | D:2      | Reached skill level 1 in Dodging
   875 | D:2      | Noticed Robin
   989 | D:1      | Killed Robin
   990 | D:1      | Reached XP level 4. HP: 33/40 MP: 3/3
   997 | D:2      | Reached skill level 4 in Axes
  1414 | D:2      | Found a runed translucent door.
  1415 | D:2      | Noticed Crazy Yiuf
  1426 | D:2      | Killed Crazy Yiuf
  1427 | D:2      | Reached skill level 5 in Axes
  1427 | D:2      | Reached XP level 5. HP: 11/46 MP: 4/4
  2084 | D:3      | Found an ornate altar of the Wu Jian Council.
  2213 | D:3      | Found a shimmering altar of Xom.
  2488 | D:3      | Found a glowing silver altar of Zin.
  2607 | D:3      | Found a bloodstained altar of Trog.
  2686 | D:4      | Found a hide-covered altar of Uskayaw.
  2802 | D:4      | Noticed Tinylith's ghost (amateur MfBe)
  2817 | D:4      | Found a runed translucent gate.
  2817 | D:4      | Found a runed translucent gate.
  2817 | D:4      | Found a runed translucent gate.
  2881 | D:4      | Noticed Eustachio
  2911 | D:4      | Killed Eustachio
  2912 | D:4      | Reached skill level 5 in Fighting
  2912 | D:4      | Reached skill level 6 in Axes
  2912 | D:4      | Reached XP level 6. HP: 32/56 MP: 5/5
  3277 | D:4      | Identified the +4 chain mail of Fashionability {rElec rN+++
                  | Regen+ Dex+2}
  3277 | D:4      | Noticed an orc warrior
  3277 | D:4      | Identified the +8 hunting sling "Fuskurir" {speed, rC+}
  3277 | D:4      | Identified the +3 scale mail "Utzidghun" {rPois Str+2
                  | Int-3}
  3468 | D:4      | Noticed Ijyb
  3478 | D:4      | Killed Ijyb
  3677 | D:4      | Got the Catalogue of the Dragon
  4143 | D:5      | Entered Level 5 of the Dungeon
  4185 | D:5      | Reached skill level 5 in Armour
  4187 | D:5      | Reached skill level 7 in Axes
  4281 | D:5      | Noticed a wraith
  4299 | D:4      | Killed a wraith
  4300 | D:4      | Reached XP level 7. HP: 37/61 MP: 6/6
  4480 | D:5      | Reached skill level 8 in Axes
  4550 | D:5      | Found a snail-covered altar of Cheibriados.
  4729 | D:5      | Found a staircase to the Ecumenical Temple.
  4798 | Temple   | Entered the Ecumenical Temple
  4883 | D:5      | Found a large runed translucent door.
  4883 | D:5      | Found a large runed translucent door.
  4887 | D:5      | Noticed fly's ghost (weakling FoDe)
  5058 | D:5      | Killed fly's ghost
  5103 | D:6      | Reached skill level 9 in Axes
  5103 | D:6      | Reached XP level 8. HP: 68/68 MP: 7/7
  5655 | D:6      | Noticed Blork the orc
  5708 | D:6      | Noticed Sigmund
  5726 | D:6      | Noticed a cyclops
  6139 | D:6      | Reached skill level 10 in Axes
  6144 | D:6      | Mangled by a cyclops

Illustrated notes

Levels and vault maps discovered:
D:1:      noname_arrival_rooms_in_the_neighbourhood, layout_basic
D:2:      layout_rooms, ebering_ecumenical_altar_mist, feat_on_display,
          uniq_crazy_yiuf_cottage, uniq_robin
D:3:      layout_basic, zin_scriptorium, general_overflow_altar,
          lemuel_round_altar, mainiacjoe_overflow_paths, serial_park_tiny_2
D:4:      layout_basic, eat_drink_and_be_merry_uskayaw, serial_co_window_serial,
          co_window_paths_a, co_window_cross_1, co_window_paths_a,
          co_window_corner_a, co_window_cross_1, co_window_corner_a,
          co_window_corner_a, co_window_broadway_b, co_window_cross_2,
          co_window_unsneaky_path_e, co_window_broadway_c, co_window_sun,
          glass_columns_a, glass_columns_b, biasface_ghost_orc_armoury,
          uniq_ijyb, uniq_eustachio
D:5:      layout_rooms, mainiacjoe_overflow_cross_hatched,
          minmay_temple_entry_gardened_gates, ebering_ghost_disaster_area
D:6:      hangedman_cross_stitches, layout_rooms, uniq_blork_the_orc,
          uniq_sigmund
Temple:   chequers_temple_sunken

Skill      XL: |  1  2  3  4  5  6  7  8 |
---------------+-------------------------+-----
Axes           | 3 5 6 7 9 10 | 10.1
Fighting       | 4 5 |  5.0
Dodging        | 1 2 |  2.0
Shields        | 4 |  4.0
Armour         | 4 5 6 7 |  7.1

Action                   |  1- 3 |  4- 6 |  7- 9 || total
-------------------------+-------+-------+-------++-------
Melee: War axe           |    77 |    33 |       ||   110
       Headbutt          |     8 |    25 |    19 ||    52
       Mace              |       |   125 |   112 ||   237
  Use: Scroll            |       |     5 |     2 ||     7
       Potion            |       |       |     1 ||     1
Armor: Scale mail        |    18 |       |       ||    18
       Chain mail        |    29 |   104 |    97 ||   230
Dodge: Dodged            |    37 |    72 |    47 ||   156
Block: Buckler           |    14 |    52 |    33 ||    99
